 Dungeon Crawl Stone Soup version 0.20-a0-470-gbb038bd (webtiles) character file.

61289 Kidiri the Thaumaturge (level 14, -9/79 HPs)
             Began as a Deep Elf Fire Elementalist on Jan 13, 2017.
             Was a High Priest of Vehumet.
             Mangled by a frost giant
             ... wielding a +0 battleaxe of freezing
              (22 damage)
             ... while paralysed
             ... in an ice cave.
             The game lasted 01:39:13 (23225 turns).

Kidiri the Thaumaturge (DEFE)                      Turns: 23225, Time: 01:39:14

Health: -9/79      AC: 11    Str:  3    XL:     14   Next: 60%
Magic:  29/34      EV:  2    Int: 29    God:    Vehumet [*****.]
Gold:   1163       SH:  0    Dex: 23    Spells: 2/42 levels left

rFire  + . .     SeeInvis .     A - +4 mace "Conservator" {drain, Dex+5}
rCold  . . .     Gourm    .     K - +0 leather armour of Trog's Delight {Int+3}
rNeg   . . .     Faith    .     f - +0 buckler
rPois  +         Spirit   .     (helmet restricted)
rElec  .         Reflect  .     z - +1 cloak
rCorr  .         Harm     .     (no gloves)
MR     ++...                    p - +2 pair of boots
Stlth  +++.......               l - amulet of magic regeneration
                                n - ring of protection from fire
                                x - ring of flight

@: paralysed, agile, exhausted, very slightly contaminated, hasted and slowed,
delayed fireball, invisible
A: claws 2, horns 1, repulsion field 1, molten scales 1, blurry vision 1, clumsy
1, magic resistance 1, poison resistance, weak 1
a: Renounce Religion, Release Delayed Fireball, Evoke Flight


You were in an ice cave.
You worshipped Vehumet.
Vehumet was extremely pleased with you.
You were not hungry.

You visited 3 branches of the dungeon, and saw 20 of its levels.
You also visited: Ossuary, Ice Cave and Volcano.

You collected 1339 gold pieces.
You spent 176 gold pieces at shops.

Inventory:

Hand Weapons
 A - the +4 mace "Conservator" (weapon) {drain, Dex+5}
   (You found it on level 5 of the Dungeon)

   A truly terrible weapon, it drains the life of those it strikes.
   It affects your dexterity (+5).
 Q - a +0 dagger of electrocution
Armour
 f - a +0 buckler (worn)
 p - a +2 pair of boots (worn)
 r - a +2 helmet of intelligence
 z - a +1 cloak (worn)
 K - the +0 leather armour of Trog's Delight (worn) {Int+3}
   (You found it on level 5 of the Lair of Beasts)

   It affects your intelligence (+3).
Jewellery
 l - an amulet of magic regeneration (around neck)
 n - a ring of protection from fire (right claw)
 x - a ring of flight (left claw)
 U - an uncursed amulet of magic regeneration
Wands
 e - a wand of iceblast (10/15)
 C - a wand of polymorph (14/24)
 M - a wand of confusion (26/48)
 O - a wand of paralysis (9/24)
 S - a wand of clouds (4/9)
 T - a wand of random effects (27/48)
 W - a wand of lightning (5/15)
Scrolls
 i - 5 scrolls of fog
 j - 8 scrolls of remove curse
 k - 4 scrolls of immolation
 q - 5 scrolls of recharging
 s - a scroll of holy word
 u - 15 scrolls of teleportation
 w - a scroll of torment
 y - 2 scrolls of vulnerability
 P - 2 scrolls of fear
 R - a scroll of amnesia
 X - a scroll of blinking
Potions
 a - a potion of berserk rage
 b - a potion of agility
 d - 5 potions of resistance
 g - 4 potions of flight
 h - 5 potions of haste
 t - 6 potions of brilliance
 v - 8 potions of curing
 B - 5 potions of lignification
 D - 2 potions of cancellation
 G - a potion of cure mutation
 H - 5 potions of might
 L - 2 potions of magic
 V - 2 potions of invisibility
Books
 J - a book of Power

   Spells                             Type                      Level
   a - Fulminant Prism                Conjuration/Hexes            4
   b - Iskenderun's Mystic Blast      Conjuration                  4
   c - Venom Bolt                     Conjuration/Poison           5
   d - Bolt of Magma                  Conjuration/Fire/Earth       5
   e - Iron Shot                      Conjuration/Earth            6
   f - Orb of Destruction             Conjuration                  7
   g - Spellforged Servitor           Conjuration/Summoning        7
Comestibles
 c - 14 bread rations
 o - 7 fruits
 E - a slice of pizza
 F - 5 meat rations
 I - 2 beef jerkies
 N - 14 chunks of flesh


   Skills:
 + Level 5.9 Fighting
 + Level 7.0 Short Blades
 + Level 5.8 Armour
 + Level 8.4 Dodging
 - Level 2.4 Stealth
 + Level 5.5 Shields
 * Level 14.7 Spellcasting
 + Level 9.0 Conjurations
 + Level 9.3 Fire Magic
 + Level 5.7 Ice Magic
 + Level 6.0 Air Magic
 + Level 7.0 Earth Magic
 + Level 6.6 Poison Magic
 + Level 7.6 Evocations


You had 2 spell levels left.
You knew the following spells:

 Your Spells              Type           Power        Failure   Level  Hunger
a - Flame Tongue          Conj/Fire      #####        1%          1    None
b - Throw Flame           Conj/Fire      ######       1%          2    None
c - Conjure Flame         Conj/Fire      ######..     1%          3    None
d - Inner Flame           Hex/Fire       #####...     1%          3    None
e - Sticky Flame          Conj/Fire      ######..     1%          4    None
f - Fireball              Conj/Fire      ######....   1%          5    None
g - Bolt of Magma         Conj/Fire/Erth ######....   1%          5    None
h - Delayed Fireball      Conj/Fire      N/A          38%         7    #####..
i - Iron Shot             Conj/Erth      ######....   7%          6    ####...
j - Bolt of Cold          Conj/Ice       ######....   9%          6    ####...
k - Mephitic Cloud        Conj/Pois/Air  ######..     1%          3    None


Dungeon Overview and Level Annotations

Branches:
Dungeon (13/15)            Temple (1/1) D:5            Lair (6/6) D:10
 Shoals (0/4) Lair:4        Snake (0/4) Lair:2        Slime (0/5) Lair:5
    Orc (0/2) D:11
 Vaults: D:13-14

Altars:
Ashenzari
Cheibriados
Dithmenos
Elyvilon
Fedhas
Gozag
Hepliaklqana
Kikubaaqudgha
Makhleb
Nemelex Xobeh
Okawaru
Qazlal
Ru
Sif Muna
Trog
Uskayaw
Vehumet
Xom
Yredelemnul
Zin
The Shining One

Shops:
D:3 *   D:4 !}   D:7 *


Innate Abilities, Weirdness & Mutations

You have very sharp fingernails.
You have a pair of small horns on your head.
You are surrounded by a mild repulsion field. (EV +2)
You are partially covered in molten scales. (AC +2)
Scrolls take you a little longer to read.
You are clumsy. (Dex -2)
You are resistant to hostile enchantments. (MR+)
Your system is resistant to poisons. (rPois)
You are weak. (Str -2)


Message History

The polar bear completely misses you. The frost giant casts a spell at you.
The bolt of cold misses you.
The polar bear growls angrily.
Unknown command.
You are too berserk!
Unknown command.
You feel a strong urge to attack something.
You hear a bellow!
You are too berserk!
Unknown command.
You feel your anger subside.
Unknown command.
You are no longer berserk.
You pass out from exhaustion.
You feel yourself slow down.
You hear an angry growl.
You hear an angry growl.
The frost giant hits you with a battleaxe of freezing!!
You die...

#.#≈≈≈≈≈≈≈
##.##≈≈≈≈≈# #.##
≈≈≈≈≈### #.##
≈#≈≈##.## #÷.#
##≈##...#
#..###.≈...#.h#
#...#(#.#.###h.#
#...#.(##C# Y...
##..###.@##
#....h ##..###.#
.....# ##.##.##
#....# #..##≈#
....# ##.##.##
##..##.##
#..####.## #.##
##.# #.#####.##


You could see a frost giant.

Vanquished Creatures
  Kirke (Lair:5)
  The ghost of Kidiri the Thaumaturge, a journeyman DEFE of Vehumet (IceCv)
  7 hydras
  6 two-headed ogres
  A centaur warrior (Lair:1)
  A tengu warrior (D:11)
  The ghost of beholder the Skirmisher, a novice OgHu of Okawaru (D:7)
  A lindwurm (Lair:1)
  2 necromancers (Lair:5)
  3 ugly things
  A deep elf mage (D:12)
  4 black mambas
  An oklob plant (Lair:5)
  Maurice (D:12)
  An ice statue (IceCv)
  The ghost of Potsanchik the Carver, a novice TeGl of Uskayaw (D:4)
  A guardian serpent (Lair:2)
  12 spiny frogs
  2 molten gargoyles (Lair:4)
  10 komodo dragons
  4 rime drakes
  4 hornets (Lair:6)
  16 polar bears
  4 trolls
  11 hippogriffs
  16 dream sheep
  6 blink frogs
  27 yaks
  4 wyverns
  14 spriggans (Lair:6)
  2 wraiths
  3 hogs (Lair:5)
  A basilisk (Lair:3)
  2 fire bats (Volcano)
  A steam dragon (D:11)
  A hungry ghost (D:13)
  2 hell hounds (Volcano)
  2 elephant zombies (Lair:5)
  11 water moccasins
  5 porcupines
  4 sky beasts
  3 ice beasts
  6 orc warriors
  6 black bears
  An eye of draining (D:11)
  55 wolves
  4 ogres
  4 boggarts (Lair:6)
  A phantom (D:9)
  5 centaurs
  12 crocodiles
  3 big kobolds
  Blork the orc (D:6)
  16 bullfrogs
  3 wyvern zombies
  7 scorpions
  A water moccasin skeleton (D:6)
  5 killer bees (D:8)
  12 wights
  6 howler monkeys
  4 electric eels (Lair:5)
  5 lava snakes (Lair:4)
  2 crimson imps
  2 quasits
  2 orc priests
  A bullfrog skeleton (D:5)
  A bullfrog zombie (D:8)
  A basilisk zombie (Lair:5)
  2 centaur skeletons (D:11)
  2 centaur zombies
  A water moccasin simulacrum (D:9)
  8 hounds
  5 jellies
  3 iguanas
  14 orc wizards
  7 worker ants
  A yak simulacrum (Lair:5)
  6 polar bear simulacra (Lair:5)
  3 wolf simulacra (Lair:5)
  2 crocodile zombies (Lair:5)
  A centaur simulacrum (D:9)
  2 bullfrog simulacra (D:9)
  A hound zombie (D:6)
  3 mummies (Ossuary)
  A killer bee simulacrum (D:9)
  2 worker ant zombies
  18 adders
  A shadow imp (D:9)
  4 white imps (D:9)
  An ufetubus (D:9)
  3 oozes (Lair:5)
  An adder zombie (D:6)
  2 adder skeletons
  A worm (D:2)
  A dart slug (D:3)
  2 adder simulacra (D:9)
  9 leopard geckos
  46 orcs
  A ball python (D:3)
  2 giant cockroaches (D:1)
  8 goblins
  7 hobgoblins
  22 kobolds
  2 quokkas
  7 bats
  7 frilled lizards
  2 goblin zombies (Ossuary)
  4 hobgoblin zombies (Ossuary)
  3 kobold zombies (Ossuary)
  A leopard gecko skeleton (D:7)
  A quokka skeleton (D:5)
  10 rats
  A river rat simulacrum (Lair:5)
  2 fungi
600 creatures vanquished.

Vanquished Creatures (collateral kills)
  A wight (D:12)
1 creature vanquished.

Vanquished Creatures (others)
  A polar bear (IceCv)
  A centaur (Volcano)
  3 wolves (IceCv)
  5 fungi
  4 plants (Lair:6)
14 creatures vanquished.

Grand Total: 615 creatures vanquished

Notes
Turn   | Place    | Note
-------+----------+-------------------------------------------
     0 | D:1      | Kidiri the Deep Elf Fire Elementalist began the quest for the Orb.
     0 | D:1      | Reached XP level 1. HP: 10/10 MP: 6/6
   149 | D:1      | Reached XP level 2. HP: 15/15 MP: 1/8
   164 | D:1      | Learned a level 2 spell: Throw Flame
   757 | D:1      | Reached skill level 4 in Spellcasting
   851 | D:1      | Reached XP level 3. HP: 17/19 MP: 8/10
   856 | D:1      | Learned a level 3 spell: Conjure Flame
   860 | D:1      | Learned a level 3 spell: Inner Flame
  1213 | D:2      | Found a stormy altar of Qazlal.
  1470 | D:2      | Found a basalt altar of Yredelemnul.
  1600 | D:2      | Found a hazy altar of Hepliaklqana.
  2211 | D:3      | Reached XP level 4. HP: 22/24 MP: 10/12
  2289 | D:3      | Found an opulent altar of Gozag.
  2290 | D:3      | Found Gozag's Platinum Reserve.
  2428 | D:3      | Reached skill level 5 in Spellcasting
  2459 | D:3      | Learned a level 4 spell: Sticky Flame
  2741 | D:4      | Reached XP level 5. HP: 27/28 MP: 1/15
  2833 | D:4      | Gained mutation: You are surrounded by a mild repulsion field. (EV +2) [potion of mutation]
  2833 | D:4      | Gained mutation: You evolve. [potion of mutation]
  2833 | D:4      | Gained mutation: You have sharp fingernails. [potion of mutation]
  2847 | D:4      | Found Ysaileak's Distillery.
  2847 | D:4      | Noticed an ogre
  2852 | D:4      | Killed an ogre
  2852 | D:4      | Reached skill level 6 in Spellcasting
  2879 | D:4      | Noticed Potsanchik's ghost (novice TeGl)
  2893 | D:4      | Killed Potsanchik's ghost
  2893 | D:4      | Reached skill level 7 in Spellcasting
  2893 | D:4      | Reached skill level 5 in Fire Magic
  2893 | D:4      | Reached XP level 6. HP: 32/32 MP: 9/18
  2893 | D:4      | Reached XP level 7. HP: 36/36 MP: 10/20
  2900 | D:4      | Learned a level 5 spell: Fireball
  2958 | D:4      | Bought a potion of curing for 39 gold pieces
  2958 | D:4      | Bought a potion of heal wounds for 65 gold pieces
  2974 | D:4      | Found a sparkling altar of Nemelex Xobeh.
  2977 | D:4      | Found a glowing silver altar of Zin.
  3181 | D:4      | Reached skill level 8 in Spellcasting
  3424 | D:4      | Found Cesygub's Gadget Emporium.
  3644 | D:5      | Entered Level 5 of the Dungeon
  3777 | D:5      | Found an ancient bone altar of Kikubaaqudgha.
  3791 | D:5      | Gained mutation: Your system is resistant to poisons. (rPois) [evolution]
  4041 | D:5      | Got a crude mace
  4042 | D:5      | Identified the +4 mace "Conservator" {drain, Dex+5} (You found it on level 5 of the Dungeon)
  4101 | D:5      | Found a staircase to the Ecumenical Temple.
  4106 | Temple   | Entered the Ecumenical Temple
  4192 | Temple   | Became a worshipper of Vehumet
  4265 | D:5      | Reached skill level 1 in Armour
  4265 | D:5      | Reached skill level 1 in Evocations
  4292 | D:5      | Found a burning altar of Makhleb.
  4476 | D:5      | Reached skill level 1 in Short Blades
  4476 | D:5      | Reached XP level 8. HP: 42/42 MP: 16/22
  4997 | D:6      | Reached skill level 1 in Fighting
  4997 | D:6      | Reached skill level 9 in Spellcasting
  4997 | D:6      | Reached skill level 5 in Conjurations
  5345 | D:6      | Found a shattered altar of Ashenzari.
  5364 | D:6      | Noticed Blork the orc
  5371 | D:6      | Killed Blork the orc
  5385 | D:6      | Reached * piety under Vehumet
  5385 | D:6      | Offered knowledge of Sandblast by Vehumet.
  5390 | D:6      | Reached skill level 1 in Shields
  5470 | D:6      | Learned a level 1 spell: Sandblast
  5887 | D:6      | Reached XP level 9. HP: 48/48 MP: 12/24
  6169 | D:7      | Noticed beholder's ghost (novice OgHu)
  6190 | D:7      | Killed beholder's ghost
  6190 | D:7      | Reached skill level 10 in Spellcasting
  6190 | D:7      | Reached skill level 1 in Earth Magic
  6231 | D:7      | Found a deep blue altar of Sif Muna.
  6277 | D:7      | Found a hide-covered altar of Uskayaw.
  6314 | D:7      | Found Zieck's Island Escapes.
  6333 | D:7      | Found a sand-covered staircase.
  6338 | Ossuary  | Entered an ossuary
  6665 | Ossuary  | Reached ** piety under Vehumet
  7221 | D:8      | Offered knowledge of Magic Dart by Vehumet.
  7560 | D:8      | Offered knowledge of Mephitic Cloud by Vehumet.
  7565 | D:8      | Learned a level 3 spell: Mephitic Cloud
  7571 | D:8      | Learned a level 5 spell: Bolt of Magma
  7630 | D:8      | Reached XP level 10. HP: 50/55 MP: 16/26
  8153 | D:7      | Bought a scroll of teleportation for 36 gold pieces
  8153 | D:7      | Bought a scroll of teleportation for 36 gold pieces
  8309 | D:9      | Reached *** piety under Vehumet
  8399 | D:9      | Reached skill level 11 in Spellcasting
  8429 | D:9      | Got a distressingly furry robe
  8443 | D:9      | Identified the +1 robe "Nonos" {Str+8} (You found it on level 9 of the Dungeon)
  8462 | D:9      | Identified the Volume of Damaging Toxins
  8473 | D:9      | Lost mutation: You evolve. [mutagenic meat]
  8563 | D:9      | Reached skill level 1 in Air Magic
  8563 | D:9      | Reached skill level 1 in Poison Magic
  8582 | D:9      | Reached skill level 5 in Dodging
  8592 | D:9      | Offered knowledge of Static Discharge by Vehumet.
  8691 | D:9      | Noticed a two-headed ogre
  8697 | D:9      | Killed a two-headed ogre
  9294 | D:9      | Noticed a two-headed ogre
  9300 | D:9      | Killed a two-headed ogre
  9700 | D:10     | Entered Level 10 of the Dungeon
  9701 | D:10     | Noticed a two-headed ogre
  9707 | D:10     | Killed a two-headed ogre
  9707 | D:10     | Reached XP level 11. HP: 60/60 MP: 17/28
  9820 | D:10     | Reached **** piety under Vehumet
 10090 | D:10     | Learned a level 6 spell: Bolt of Cold
 10207 | D:10     | Offered knowledge of Stone Arrow by Vehumet.
 10352 | D:10     | Found a staircase to the Lair.
 10705 | Lair:1   | Entered Level 1 of the Lair of Beasts
 10946 | Lair:1   | Reached skill level 1 in Ice Magic
 10946 | Lair:1   | Reached skill level 5 in Evocations
 10992 | Lair:1   | Noticed a lindwurm
 10994 | Lair:1   | Killed a lindwurm
 10994 | Lair:1   | Reached skill level 12 in Spellcasting
 10996 | Lair:1   | Found a dark tunnel.
 11027 | Volcano  | Entered a volcano
 11133 | Volcano  | Noticed a two-headed ogre
 11133 | Volcano  | Killed a two-headed ogre
 12297 | Lair:1   | Noticed a centaur warrior
 12302 | Lair:1   | Killed a centaur warrior
 12669 | Lair:2   | You fall through a shaft!
 12671 | Lair:3   | Noticed a six-headed hydra
 12675 | Lair:3   | Killed a six-headed hydra
 12796 | Lair:3   | You fall through a shaft for 2 floors!
 12839 | Lair:5   | Reached XP level 12. HP: 66/66 MP: 19/30
 12844 | Lair:5   | Learned a level 3 spell: Stone Arrow
 12885 | Lair:5   | Got a warped leather armour
 12896 | Lair:5   | Identified the +0 leather armour of Trog's Delight {Int+3} (You found it on level 5 of the Lair of Beasts)
 12923 | Lair:5   | Reached ***** piety under Vehumet
 12927 | Lair:5   | Offered knowledge of Freezing Cloud by Vehumet.
 13049 | Lair:4   | Noticed a four-headed hydra
 13052 | Lair:4   | Killed a four-headed hydra
 13052 | Lair:4   | Reached skill level 5 in Short Blades
 13151 | Lair:4   | Found a staircase to the Shoals.
 13204 | Lair:4   | Noticed a four-headed hydra
 13209 | Lair:4   | Killed a four-headed hydra
 13255 | Lair:4   | Reached skill level 5 in Earth Magic
 13285 | Lair:4   | Found a basalt altar of Yredelemnul.
 14034 | Lair:2   | Noticed a six-headed hydra
 14040 | Lair:2   | Killed a six-headed hydra
 14054 | Lair:2   | Gained mutation: You are weak. (Str -2) [potion of mutation]
 14054 | Lair:2   | Gained mutation: You are resistant to hostile enchantments. (MR+) [potion of mutation]
 14054 | Lair:2   | Gained mutation: You have very sharp fingernails. [potion of mutation]
 14117 | Lair:2   | Reached skill level 13 in Spellcasting
 14120 | Lair:2   | Found a staircase to the Snake Pit.
 14132 | Lair:2   | Gained mutation: You are clumsy. (Dex -2) [mutagenic meat]
 14133 | Lair:2   | Gained mutation: Your spells are a little harder to cast, but a little more powerful. [mutagenic meat]
 14239 | Lair:2   | Reached skill level 5 in Poison Magic
 14794 | Lair:2   | Noticed a four-headed hydra
 14797 | Lair:2   | Killed a four-headed hydra
 15648 | Lair:4   | You fall through a shaft!
 15701 | Lair:5   | Reached XP level 13. HP: 72/72 MP: 23/32
 15753 | Lair:5   | Noticed Kirke
 15760 | Lair:5   | Killed Kirke
 15760 | Lair:5   | Reached skill level 5 in Fighting
 16268 | Lair:5   | Found a staircase to the Slime Pits.
 16362 | Lair:5   | Reached skill level 5 in Armour
 17447 | Lair:6   | Entered Level 6 of the Lair of Beasts
 17450 | Lair:6   | Reached skill level 5 in Air Magic
 17473 | Lair:6   | Offered knowledge of Bolt of Draining by Vehumet.
 17991 | Lair:6   | Reached skill level 14 in Spellcasting
 18426 | Lair:6   | Reached skill level 5 in Shields
 18429 | Lair:6   | Reached skill level 5 in Ice Magic
 18909 | Lair:6   | Reached XP level 14. HP: 78/78 MP: 25/34
 19572 | Lair:1   | Learned a level 6 spell: Iron Shot
 19737 | D:11     | Lost mutation: Your spells are a little harder to cast, but a little more powerful. [mutagenic meat]
 19738 | D:11     | Gained mutation: You are partially covered in molten scales. (AC +2) [mutagenic meat]
 20185 | D:11     | Gained mutation: Scrolls take you a little longer to read. [mutagenic meat]
 20259 | D:11     | Found a staircase to the Orcish Mines.
 20836 | D:12     | HP: 3/78 [poisoned by a redback]
 20842 | D:12     | HP: 3/78 [poisoned by a redback]
 20850 | D:12     | HP: 3/78 [poisoned by a redback]
 21291 | D:12     | Noticed Maurice
 21293 | D:12     | Killed Maurice
 21389 | D:12     | Offered knowledge of Delayed Fireball by Vehumet.
 21610 | D:12     | Gained mutation: You have a pair of small horns on your head. [mutagenic meat]
 21725 | D:12     | Learned a level 7 spell: Delayed Fireball
 22160 | D:13     | Found a frozen archway.
 22247 | IceCv    | Entered an ice cave
 22575 | IceCv    | Lost strength.
 23012 | IceCv    | Noticed Kidiri's ghost (journeyman DEFE)
 23020 | IceCv    | Killed Kidiri's ghost
 23208 | IceCv    | Noticed a frost giant
 23225 | IceCv    | Mangled by a frost giant

Vault maps used:
D:1:      nagdon_arrival_double_spiral, serial_forest, infiniplex_forest_end_2,
          infiniplex_forest_clump_curved, infiniplex_forest_end_2,
          infiniplex_forest_clump_double, infiniplex_forest_clump_diagonal,
          infiniplex_forest_clump_double, infiniplex_forest_straight_5,
          infiniplex_forest_corner_2, lemuel_old_faithful
D:2:      lemuel_coloured_pillars_altar, lemuel_doored_altar,
          lemuel_crystal_altar, serial_glass, glass_columns_a, glass_columns_a
D:3:      nicolae_gozag_zags_fifth_avenue
D:4:      minitemple, serial_shops, shop, shop
D:5:      kiku_gazebo_pond_becter, first_bread, makhleb_blood_cavern_becter
D:6:      ashenzari_altar_1, uniq_blork_the_orc
D:7:      lemuel_round_altar, eat_drink_and_be_merry_uskayaw, enter_ossuary_5,
          nicolae_island_escapes
D:9:      serial_ice, serial_ice_a, serial_ice_h, serial_ice_e, serial_ice_j,
          serial_ice_d, serial_ice_g
D:10:     lair_entry_dummy
D:11:     david_orc_2, grunt_tengu_nest
D:12:     uniq_maurice
D:13:     serial_shops, nicolae_shop_trees, portal_ice_cave_rime, uniq_snorg,
          uniq_sonja
Temple:   nicolae_temple_hex_pool
Lair:1:   nicolae_volcano_entry_vermiform, minmay_holes
Lair:2:   minmay_snake_entry_spellcaster, serial_bayou_shore_a,
          serial_bayou_shore_b, serial_bayou_shore_b, grunt_megastairs_2,
          infiniplex_staircase_pool_2
Lair:3:   lab_entry_generic
Lair:4:   cheibrodos_magma_flow, elwin_shoals_entry_rocks, basic_altar
Lair:5:   pond_and_an_island_with_a_cottage, nicolae_slime_entry_slimehenge,
          eino_house_with_fridge, infiniplex_staircase_pool,
          serial_bayou_shore_b, uniq_kirke
Lair:6:   minmay_lair_end_enchanted_forest, lemuel_fruit_fields
Ossuary:  ossuary_kennysheep_city_of_the_dead
IceCv:    ice_cave_caverns_02
Volcano:  volcano_village

Skill      XL: |  1  2  3  4  5  6  7  8  9 10 11 12 13 14 |
---------------+-------------------------------------------+-----
Spellcasting   | 4 5 7 8 9 10 11 12 13 14 | 14.7
Conjurations   | 2 4 5 6 7 8 9 |  9.0
Fire Magic     | 4 5 6 7 8 9 |  9.3
Armour         | 1 2 3 4 5 |  5.8
Evocations     | 1 2 3 4 5 6 7 |  7.6
Short Blades   | 1 2 3 4 5 6 7 |  7.0
Fighting       | 1 2 3 4 5 |  5.9
Dodging        | 3 4 5 6 7 8 |  8.4
Shields        | 1 2 3 4 5 |  5.5
Earth Magic    | 2 3 4 5 6 7 |  7.0
Air Magic      | 2 3 4 5 6 |  6.0
Poison Magic   | 2 3 5 6 |  6.6
Ice Magic      | 1 4 5 |  5.7
Stealth        | |  2.4

Action                   |  1- 3 |  4- 6 |  7- 9 | 10-12 | 13-15 || total
-------------------------+-------+-------+-------+-------+-------++-------
Melee: Whip              |     3 |       |       |       |       ||     3
       Short sword       |     9 |       |       |       |       ||     9
       Dagger            |     6 |     9 |     4 |    16 |       ||    35
       Mace              |       |       |    73 |   168 |   145 ||   386
       Headbutt          |       |       |       |       |     9 ||     9
 Cast: Flame Tongue      |    62 |    22 |   162 |   107 |    51 ||   404
       Sticky Flame      |       |     3 |    38 |    63 |    53 ||   157
       Throw Flame       |       |     2 |    29 |    40 |    27 ||    98
       Inner Flame       |       |     2 |     2 |       |     3 ||     7
       Conjure Flame     |       |     2 |     5 |       |     3 ||    10
       Fireball          |       |       |     7 |     9 |    23 ||    39
       Bolt of Magma     |       |       |       |    98 |   156 ||   254
       Mephitic Cloud    |       |       |       |     3 |       ||     3
       Bolt of Cold      |       |       |       |    10 |       ||    10
       Stone Arrow       |       |       |       |     1 |     1 ||     2
       Iron Shot         |       |       |       |       |    17 ||    17
       Delayed Fireball  |       |       |       |       |     1 ||     1
 Abil: Evoke Flight      |       |       |       |     6 |     2 ||     8
  Use: Scroll            |     6 |     4 |    25 |     7 |     5 ||    47
       Potion            |       |     1 |     2 |     3 |     8 ||    14
 Stab: Sleeping          |     3 |     5 |     5 |     4 |     3 ||    20
  Eat: Chunk             |     4 |     2 |     8 |    33 |    26 ||    73
       Meat ration       |       |       |     2 |       |       ||     2
       Fruit             |       |       |       |     2 |     7 ||     9
       Beef jerky        |       |       |       |     1 |     1 ||     2
       Pizza             |       |       |       |       |     1 ||     1
       Royal jelly       |       |       |       |       |     1 ||     1
Armor: Robe              |     3 |     7 |    33 |    57 |       ||   100
       Leather armour    |       |       |       |    16 |    76 ||    92
Dodge: Dodged            |    26 |    15 |   163 |   215 |   207 ||   626
Block: Buckler           |       |       |       |   107 |    78 ||   185
